AoeStats
← _vishi_

Nomad

504555526Analyzed
4v4 RM · 27d ago on Sep 5, 2026· 33m 3s· 8 players
Game mode
Random Map
Map size
231×231
Population
200
Speed
Normal
Resources
Standard
Victory
Conquest
Starting age
Dark Age
Ending age
Imperial Age
RankedLock teamsTeams togetherTeam positionsShared explorationLock speedFull tech treeHidden civsTurbo modeCheats
Victory
Defeat
🇧🇪 Malians · Belgium
1507
+12
🇧🇪 Vietnamese · Belgium
1450
+14
🇧🇪 Persians · Belgium
1384
+16
🇧🇪 Vikings · Belgium
1371
+17
🇨🇭 Bulgarians · Switzerland
1436
-16
🇦🇷 Koreans · Argentina
1434
-16
🇮🇳 Ethiopians · India
1418
-15
🇨🇿 Bengalis · Czechia
1337
-12
Reis
6:54 Loom
13:39 Feudal Age
17:48 Castle Age
16:05 Double-Bit Axe
18:56 Fletching
20:05 Bodkin Arrow
21:42 Forging
22:29 Scale Barding Armor
25:15 Stone Mining
_vishi_
4:59 Loom
12:13 Feudal Age
18:06 Castle Age
16:18 Fletching
18:11 Crossbowman
19:02 Bodkin Arrow
34:53 Imperial Age
DetectiveYemitoShumafuk
4:25 Loom
12:48 Feudal Age
13:29 Double-Bit Axe
19:30 Castle Age
18:49 Wheelbarrow
18:21 Fletching
19:35 Gold Mining
20:28 Medium Warships
20:38 Bodkin Arrow
22:03 Demolition Ship
25:26 Horse Collar
26:51 Bow Saw
28:05 Heavy Plow
30:36 Wheelbarrow
29:55 Stone Mining
ZoonFAunlimónki
11:40 Loom
13:53 Feudal Age
14:48 Double-Bit Axe
19:27 Castle Age
17:35 Stone Mining
18:12 Gold Mining
23:05 Fletching
27:40 Bow Saw
30:38 Horse Collar
TrAnEcId
5:36 Loom
13:44 Feudal Age
17:34 Castle Age
15:46 Double-Bit Axe
16:46 Town Watch
17:32 Scale Barding Armor
17:38 Forging
18:51 Chain Barding Armor
20:26 Bloodlines
20:39 Fishing Lines
23:41 Gillnets
23:47 Horse Collar
24:44 Heavy Plow
31:26 Imperial Age
30:13 Wheelbarrow
29:43 Gold Mining
29:49 Stone Mining
30:25 Bow Saw
30:22 Fletching
31:26 Cavalier
32:06 Husbandry
32:53 Plate Barding Armor
flem.Dieterkiller
5:23 Loom
12:45 Feudal Age
16:15 Castle Age
15:08 Double-Bit Axe
17:13 Medium Warships
20:03 Bow Saw
25:46 Wheelbarrow
24:56 Fishing Lines
27:00 Horse Collar
29:29 Gold Mining
34:21 Imperial Age
32:28 Scale Barding Armor
33:16 Forging
33:46 Chain Barding Armor
Piedje Spastcoman
5:31 Loom
13:20 Feudal Age
17:01 Castle Age
20:10 Fletching
21:00 Bodkin Arrow
30:39 Padded Archer Armor
paljas
5:02 Loom
14:12 Feudal Age
18:02 Castle Age
15:50 Double-Bit Axe
16:17 Horse Collar
17:32 Fletching
17:40 Gold Mining
17:50 Stone Mining
25:01 Fervor
29:24 Scale Mail Armor
31:37 Town Watch
Connection lost

Rejoining the realm…

Still unreachable

The connection could not be restored.

Session expired

The server has moved on; the page needs a fresh start.